AoeStats
← timon_1994

Oasis

508675785Analyzed
4v4 RM · 7d ago on Sep 23, 2026· 51m 35s· 8 players
Game mode
Random Map
Map size
Large (8 player)
Population
200
Speed
Normal
Resources
Standard
Victory
Conquest
Starting age
Dark Age
Ending age
Imperial Age
RankedLock teamsTeams togetherTeam positionsShared explorationLock speedFull tech treeHidden civsTurbo modeCheats
Victory
Defeat
🇳🇱 Franks · Netherlands
1117
+13
🇨🇳 Danes · China
1102
+14
🇨🇳 Varangians · China
1099
+14
🇨🇳 Bengalis · China
1090
+14
🇫🇷 Koreans · France
1063
-14
🇺🇸 Burgundians · United States
1061
-14
🇺🇸 Khmer · United States
1058
-14
🇲🇽 Turks · Mexico
1023
-13
RaffaEP
0:30 Loom
12:35 Feudal Age
16:24 Castle Age
16:39 Double-Bit Axe
16:40 Horse Collar
20:23 Wheelbarrow
20:58 Bloodlines
23:33 Gold Mining
24:25 Stone Mining
26:05 Fervor
28:16 Hand Cart
29:04 Pikeman
36:39 Imperial Age
34:35 Arson
36:45 Tusk Swords
37:38 Double Crossbow
38:55 Conscription
39:12 Hoardings
38:46 Scale Barding Armor
38:51 Forging
39:13 Elite Ballista Elephant
40:13 Fletching
40:44 Chain Barding Armor
41:03 Husbandry
40:27 Halberdier
43:15 Plate Barding Armor
43:59 Iron Casting
45:05 Chemistry
44:01 Murder Holes
44:17 Masonry
45:06 Bodkin Arrow
46:13 Blast Furnace
45:30 Siege Engineers
46:20 Scale Mail Armor
48:34 Gold Shaft Mining
48:38 Stone Shaft Mining
48:37 Town Watch
49:41 Bow Saw
49:43 Heavy Plow
50:09 Chain Mail Armor
49:50 Bodkin Arrow
49:56 Padded Archer Armor
51:01 Architecture
50:52 Ballistics
SwedenBirdieSkaggs236
5:08 Loom
13:25 Feudal Age
14:39 Double-Bit Axe
14:47 Gold Mining
14:40 Horse Collar
18:29 Castle Age
22:34 Forging
22:50 Husbandry
22:50 Cavalier
26:39 Scale Barding Armor
30:12 Wheelbarrow
31:22 Chain Barding Armor
33:09 Iron Casting
36:27 Squires
36:13 Arson
37:20 Scale Mail Armor
37:43 Hand Cart
37:12 Pikeman
38:50 Chain Mail Armor
46:46 Imperial Age
Zeus GX
4:49 Loom
10:24 Feudal Age
20:36 Castle Age
18:19 Horse Collar
18:56 Double-Bit Axe
19:51 Stone Mining
19:54 Gold Mining
21:34 Wheelbarrow
24:30 Man-at-Arms
32:09 Imperial Age
30:18 Bow Saw
32:20 Treadmill Crane
33:20 Conscription
34:16 Forging
34:12 Scale Barding Armor
34:20 Bloodlines
35:16 Heavy Camel Rider
35:58 Fletching
36:37 Murder Holes
37:14 Fortified Wall
38:10 Iron Casting
39:57 Blast Furnace
39:43 Chain Barding Armor
39:48 Heavy Plow
42:27 Plate Barding Armor
45:38 Hand Cart
SimbaLeRoiDeLaJungle
8:48 Loom
10:34 Feudal Age
16:03 Castle Age
15:44 Double-Bit Axe
16:32 Fletching
22:49 Crossbowman
26:29 Imperial Age
24:44 Bodkin Arrow
28:48 Arbalester
29:59 Horse Collar
31:50 Bracer
34:13 Chemistry
37:11 Thumb Ring
42:58 Ballistics
43:54 Pikeman
timon_1994
10:31 Feudal Age
11:08 Loom
11:21 Double-Bit Axe
17:47 Castle Age
18:06 Scale Barding Armor
18:12 Forging
17:59 Gold Mining
18:41 Bow Saw
22:34 Gold Mining
23:13 Husbandry
24:13 Chain Barding Armor
26:08 Wheelbarrow
28:39 Gold Shaft Mining
27:56 Stone Mining
31:57 Imperial Age
32:16 Cavalier
33:34 Plate Barding Armor
34:12 Masonry
35:09 Hand Cart
35:19 Murder Holes
35:37 Fortified Wall
35:22 Murder Holes
35:58 Architecture
35:38 Town Watch
36:52 Paladin
39:43 Iron Casting
39:33 Conscription
39:47 Architecture
40:34 Paladin
44:30 Blast Furnace
45:18 Caravan
Dio
10:42 Feudal Age
14:58 Castle Age
13:32 Double-Bit Axe
14:08 Horse Collar
19:44 Squires
19:55 Forging
19:46 Scale Mail Armor
38:12 Imperial Age
39:28 Wheelbarrow
38:51 Arson
38:40 Elite Varangian Guard
41:29 Gold Mining
41:29 Stone Mining
43:48 Stone Shaft Mining
44:17 Conscription
44:25 Bow Saw
46:09 Hand Cart
46:57 Heavy Plow
48:31 Iron Casting
47:56 Scale Mail Armor
47:29 Capped Ram
47:59 Loom
48:07 Gothikon
50:46 Blast Furnace
51:24 Scale Barding Armor
51:36 Chain Mail Armor
98kar
7:12 Loom
10:42 Feudal Age
15:20 Castle Age
14:06 Double-Bit Axe
14:36 Horse Collar
20:55 Wheelbarrow
21:59 Bow Saw
22:33 Heavy Plow
22:54 Gold Mining
22:57 Stone Mining
24:41 Gold Shaft Mining
26:50 Loom
29:50 Imperial Age
28:22 Scale Barding Armor
28:27 Forging
29:24 Chain Barding Armor
30:57 Iron Casting
31:46 Plate Barding Armor
31:14 Husbandry
31:24 Bloodlines
30:34 Elite Battle Elephant
31:33 Bloodlines
31:24 Husbandry
33:25 Blast Furnace
33:00 Hand Cart
33:17 Paiks
35:40 Two-Man Saw
35:12 Crop Rotation
36:09 Conscription
37:45 Caravan
40:17 Coinage
39:57 Guilds
41:53 Mahayana
42:54 Banking
43:08 Town Watch
咬不断的痰
12:50 Feudal Age
13:57 Double-Bit Axe
16:43 Castle Age
16:35 Horse Collar
19:43 Wheelbarrow
19:41 Bow Saw
21:48 Heavy Plow
25:58 Hand Cart
26:37 Stone Mining
26:38 Gold Mining
28:03 Loom
32:07 Imperial Age
30:14 Hamask
32:57 Forging
32:47 Scale Mail Armor
32:13 Onager
32:19 Northmen's Fury
33:21 Conscription
33:48 Elite Jomsviking
35:46 Gold Shaft Mining
35:47 Stone Shaft Mining
35:47 Squires
35:08 Pikeman
38:30 Siege Onager
43:44 Chemistry
47:09 Iron Casting
46:49 Chain Mail Armor
46:28 Fletching
46:38 Padded Archer Armor
47:36 Thumb Ring
46:54 Heavy Mounted Crossbowman
46:58 Elite Skirmisher
49:08 Blast Furnace
52:09 Plate Mail Armor
51:55 Leather Archer Armor
51:35 Bodkin Arrow
Connection lost

Rejoining the realm…

Still unreachable

The connection could not be restored.

Session expired

The server has moved on; the page needs a fresh start.